 Dungeon Crawl Stone Soup version 0.23.0 (webtiles) character file.

Game seed: 15402510419272927658

110786 HilariousDeathArtist the End of an Era (level 16, -5/99 HPs)
             Began as a Deep Elf Monk on Feb 11, 2019.
             Was the Champion of Qazlal.
             Killed from afar by a thorn hunter (17 damage)
             ... with a volley of thorns
             ... on level 3 of the Swamp on Feb 12, 2019.
             The game lasted 01:39:27 (38635 turns).

HilariousDeathArtist the End of an Era (DEMo)      Turns: 38635, Time: 01:39:28

Health: -5/99      AC: 29    Str: 12    XL:     16   Next: 8%
Magic:  45/45      EV: 12    Int: 18    God:    Qazlal [******]
Gold:   785        SH: 24    Dex: 21    Spells: 8/19 levels left

rFire    + . .     SeeInvis .   a - +8 scimitar of Ruowaen {venom, Int-4 Dex+7}
rCold    + . .     Gourm    .   Y - +5 shield of Xom's Displeasure {+Fly rElec MP+9}
rNeg     . . .     Faith    .   I - +7 chain mail of Loqodet {rF+ rC+ Dex+2}
rPois    +         Spirit   .   t - +2 helmet {Int+3}
rElec    +         Reflect  .   S - +2 cloak "Fejeeh" {+Blink rElec rPois Dex-5}
rCorr    .         Harm     .   z - +0 pair of gloves
MR       +....                  X - +2 pair of boots
Stlth    +.........             (no amulet)
HPRegen  0.26/turn              c - +2 ring of evasion
MPRegen  0.29/turn              n - ring of magical power {MP+9}

@: protected from physical damage, repel missiles
A: no striking features
a: Upheaval, Elemental Force, Disaster Area, Renounce Religion, Evoke Blink,
Evoke Flight


You were on level 3 of the Swamp.
You worshipped Qazlal.
Qazlal was exalted by your worship.
You were not hungry.

You visited 6 branches of the dungeon, and saw 28 of its levels.
You also visited: Ossuary.

You collected 2572 gold pieces.
You spent 1787 gold pieces at shops.

Inventory:

Hand Weapons
 a - the +8 scimitar of Ruowaen (weapon) {venom, Int-4 Dex+7}
   (You bought it in a shop on level 11 of the Dungeon)

   It poisons the flesh of those it strikes.
   It affects your intelligence (-4).
   It affects your dexterity (+7).
 f - a +3 scimitar of flaming
   (You took it off an efreet on level 15 of the Dungeon)
 s - a +7 dagger of pain
   (You took it off an orc wizard on level 6 of the Dungeon)
Missiles
 l - 5 throwing nets {=f, !d}
Armour
 t - a +2 helmet of intelligence (worn)
   (You found it on level 13 of the Dungeon)
 z - a +0 pair of gloves (worn)
   (You found it on level 5 of the Dungeon)
 I - the +7 chain mail of Loqodet (worn) {rF+ rC+ Dex+2}
   (You bought it in a shop on level 2 of the Orcish Mines)

   It affects your dexterity (+2).
   It protects you from fire.
   It protects you from cold.
 S - the +2 cloak "Fejeeh" (worn) {+Blink rElec rPois Dex-5}
   (You found it on level 13 of the Dungeon)

   It affects your dexterity (-5).
   It insulates you from electricity.
   It protects you from poison.
   It lets you blink.
 X - a +2 pair of boots (worn)
   (You found it on level 4 of the Lair of Beasts)
 Y - the +5 shield of Xom's Displeasure (worn) {+Fly rElec MP+9}
   (You found it on level 13 of the Dungeon)

   It insulates you from electricity.
   It affects your magic capacity (+9).
   It lets you fly.
Jewellery
 c - a +2 ring of evasion (left hand)
   (You found it on level 13 of the Dungeon)
 n - a ring of magical power (right hand) {MP+9}
   (You found it on level 3 of the Dungeon)
Wands
 b - a wand of acid (6)
   (You found it on level 6 of the Lair of Beasts)
 G - a wand of enslavement (11)
   (You found it on level 1 of the Lair of Beasts)
 O - a wand of flame (19)
   (You found it on level 6 of the Lair of Beasts)
 Q - a wand of iceblast (7)
   (You found it on level 2 of the Lair of Beasts)
 R - a wand of disintegration (12)
   (You found it on level 6 of the Lair of Beasts)
 V - a wand of digging (4)
   (You found it on level 4 of the Lair of Beasts)
Scrolls
 g - 4 scrolls of fear
 h - 2 scrolls of magic mapping {!r}
 j - 10 scrolls of remove curse
 o - a scroll of holy word {!r}
 p - 2 scrolls of fog
 q - 4 scrolls of immolation {!r}
 A - a scroll of blinking {!r}
 F - 6 scrolls of identify
 J - 4 scrolls of teleportation
 W - a scroll of silence
Potions
 d - a potion of lignification {!q}
 i - 5 potions of mutation {!q}
 k - 3 potions of flight
 m - 2 potions of haste
 u - a potion of heal wounds
 w - 4 potions of might
 x - 4 potions of curing
 C - 6 potions of magic
 E - a potion of cancellation
 H - a potion of resistance
 K - 3 potions of brilliance
 T - a potion of ambrosia
 Z - a potion of invisibility
Miscellaneous
 M - a fan of gales (inert)
   (You found it on level 5 of the Lair of Beasts)
 U - a phial of floods (inert)
   (You found it on level 3 of the Lair of Beasts)
Comestibles
 e - 44 rations


   Skills:
 + Level 10.6 Fighting
 - Level 10.1(10.5) Short Blades
 + Level 4.3(7.3) Long Blades
   Level 5.9 Staves
 + Level 3.3 Armour
 + Level 12.3 Dodging
 + Level 9.1 Stealth
 * Level 8.0 Shields
 - Level 2.0 Spellcasting
 - Level 5.3 Conjurations
 - Level 3.2 Hexes
 - Level 2.4 Summonings
 - Level 2.5 Translocations
 - Level 4.1 Air Magic
 - Level 4.5 Poison Magic
 * Level 12.4 Invocations
 * Level 11.7 Evocations


You had 8 spell levels left.
You knew the following spells:

 Your Spells              Type           Power        Failure   Level  Hunger
g - Apportation           Tloc           ##....       99%         1    #......
i - Invisibility          Hex            ##......     100%        6    #######
x - Mephitic Cloud        Conj/Pois/Air  ###.....     100%        3    ###....
B - Summon Butterflies    Summ           ##......     99%         1    #......

Your spell library contained the following spells:

 Spells                   Type           Power        Failure   Level  Hunger
 Magic Dart               Conj           ###.         88%         1    #......
 Sting                    Conj/Pois      ###.         91%         1    #......
 Searing Ray              Conj           ###...       95%         2    ###....
 Poisonous Vapours        Pois/Air       ###...       99%         2    ###....
 Freeze                   Ice            #...         100%        1    #......
 Throw Frost              Conj/Ice       ##....       100%        2    ###....
 Call Canine Familiar     Summ           ##......     100%        3    ###....
 Dazzling Spray           Conj/Hex       ###...       100%        3    ###....
 Lesser Beckoning         Tloc           ##........   100%        3    ###....
 Ozocubu's Armour         Chrm/Ice       #.......     100%        3    ###....
 Tukima's Dance           Hex            ##......     100%        3    ###....
 Force Lance              Conj/Tloc      ###.....     100%        4    #####..
 Fulminant Prism          Conj/Hex       ###.......   100%        4    #####..
 Iskenderun's Mystic Bla  Conj           ###.....     100%        4    #####..
 Olgreb's Toxic Radiance  Pois           ###.....     100%        4    #####..
 Summon Ice Beast         Ice/Summ       #.......     100%        4    #####..
 Throw Icicle             Conj/Ice       ##......     100%        4    #####..
 Alistair's Intoxication  Tmut/Pois      #.......     100%        5    ######.
 Summon Mana Viper        Hex/Summ       ##......     100%        5    ######.
 Venom Bolt               Conj/Pois      ###.......   100%        5    ######.
 Summon Hydra             Summ           ##........   100%        7    #######


Dungeon Overview and Level Annotations

Branches:
Dungeon (15/15)            Temple (0/1) D:5            Lair (6/6) D:8
  Swamp (3/4) Lair:4        Snake (1/4) Lair:2        Slime (0/5) Lair:6
    Orc (2/2) D:12            Elf (1/3) Orc:2        Vaults (0/5) D:13
 Depths (0/5) D:15

Altars:
Ashenzari
Makhleb
Qazlal
Vehumet
Wu Jian
Xom
The Shining One
Beogh

Shops:
D:5 ?:*[   D:11 *   D:13 [   Orc:2 [%[[

Portals:
Hell: Lair:6
Trove: D:15 (give +5 ice dragon scales)

Annotations:
D:7 2 transporters
D:8 3 runed translucent doors, exclusion: downstairs, TheOneDM's ghost, novice GrEE


Message History

You enter the shallow water.
Moving in this stuff is going to be slow.
A spiny frog comes into view.
The spiny frog moves out of view.
A thorn hunter comes into view.
The thorn hunter gestures.
Thorny briars emerge from the ground!
You block the spiny frog's attack.
Found a scroll of enchant weapon.
Found a stone staircase leading up.
There are monsters nearby!
There are monsters nearby!
The spiny frog is engulfed in freezing vapours.
The spiny frog stings you!
You take 14 damage, and have 85/99 hp.
You slash the spiny frog!
The spiny frog is poisoned.
You block the spiny frog's attack.
Your chain mail of Loqodet prevents you from hitting the spiny frog.
You block the spiny frog's attack. x2
You slash the spiny frog!
Your chain mail of Loqodet prevents you from hitting the thorn hunter.
The thorn hunter hits you but does no damage.
The thorn hunter hits you.
You feel protected from physical attacks.
You take 3 damage, and have 83/99 hp.
Aim the phial where?
Aim: a thorn hunter The torrent of water misses the thorn hunter.
The wave splashes down.
Splash!
You fall into the shallow water.
Moving in this stuff is going to be slow.
The water rises up and takes form.
The thorn hunter fires a volley of thorns at you.
The volley of thorns hits you!!
You take 30 damage, and have 53/99 hp.
MASSIVE DAMAGE!!
The briar patch crumbles away. x2
The thorn hunter fires a volley of thorns at you.
The volley of thorns misses you.
Your water elemental barely misses the thorn hunter.
The briar patch crumbles away.
The thorn hunter fires a volley of thorns at you.
The volley of thorns hits you!!
You feel more protected from physical attacks.
Your water elemental hits the thorn hunter.
Your water elemental engulfs the thorn hunter in water!
You take 20 damage, and have 33/99 hp.
MASSIVE DAMAGE!!
The briar patch crumbles away.
The thorn hunter slips free of the water.
The spiny frog misses you.
You riposte.
You slash the spiny frog!
You kill the spiny frog!
Qazlal accepts your kill.
Okay, then.
Okay, then.
Okay, then.
You are confused.
You feel invigorated.
The briar patch crumbles away. x2
You regained 5 hp, and now have 39/99 hp.
You bump into the tree.
Your water elemental hits the thorn hunter.
Your water elemental engulfs the thorn hunter in water!
The thorn hunter gestures.
Thorny briars emerge from the ground!
You regained 5 hp, and now have 44/99 hp.
You nearly stumble into some deep water!
The thorn hunter hits you! The thorn hunter barely misses you.
Your water elemental hits the thorn hunter.
The thorn hunter barely misses you.
The thorn hunter hits you but does no damage.
You take 3 damage, and have 41/99 hp.
You closely miss the thorn hunter.
The briar patch crumbles away.
Your water elemental hits the thorn hunter.
The thorn hunter fires a volley of thorns at you.
The volley of thorns hits you!!
* * * LOW HITPOINT WARNING * * *
Your water elemental hits the thorn hunter!
You take 18 damage, and have 23/99 hp.
You're too confused to move!
You feel less invigorated.
You feel less confused.
The briar patch crumbles away.
The thorn hunter is struck by lightning.
You block the thorn hunter's attack. x2
Your water elemental hits the thorn hunter!
You regained 4 hp, and now have 27/99 hp.
You slash the thorn hunter!
The thorn hunter is struck by lightning.
You block the thorn hunter's attack. x2
Your water elemental hits the thorn hunter.
You slash the thorn hunter!
The thorn hunter is poisoned.
The briar patch crumbles away. x2
The thorn hunter is struck by lightning.
The thorn hunter hits you!
* * * LOW HITPOINT WARNING * * *
The thorn hunter hits you.
* * * LOW HITPOINT WARNING * * *
Your water elemental hits the thorn hunter!
The thorn hunter fires a volley of thorns at you.
The volley of thorns hits you!
You die...

≈≈≈.≈♣♣≈(.PP§.≈≈.♣♣ ≈
.≈...♣♣♣♣♣§...≈≈≈≈♣ ...
≈≈≈.≈.♣♣♣...≈≈≈≈≈≈♣♣♣..≈≈
≈≈..≈≈.♣♣...≈≈≈≈≈.≈≈≈.≈≈≈
≈≈≈(§.♣≈♣♣.≈≈≈≈≈≈≈≈≈.≈≈≈≈
.....≈≈.♣♣.≈≈§≈≈≈♣≈...≈≈≈
.≈≈..≈≈.♣♣÷≈≈≈≈≈E♣♣....≈≈
≈≈..≈≈≈≈♣≈.♣≈.≈≈f♣ ≈..<.≈
....≈≈≈÷...≈≈.≈§@♣ f...≈
≈.≈≈≈≈.≈≈≈...♣☼.≈♣ ♣.≈≈≈
.≈≈≈≈≈≈≈≈≈≈.≈.°.☼♣ ♣.?≈
...≈§≈.≈≈≈..≈§≈≈≈♣♣ ♣.≈
≈.≈♣♣♣.≈≈≈.≈≈≈≈§..♣
♣.≈♣♣♣..≈≈§≈≈PPP♣♣♣
♣...≈≈..≈≈≈≈PPPP♣
...≈≈≈.≈.≈≈≈≈.≈♣♣♣♣♣
.♣♣≈≈≈♣♣...≈.≈§...≈♣


You could see a thorn hunter and a friendly water elemental.

Vanquished Creatures
  The ghost of grisamentum the Severer, a journeyman GrGl of the Shining One (D:12)
  3 dire elephants (Lair:6)
  The ghost of miconnor the Thaumaturge, a journeyman GnSk of Okawaru (Lair:1)
  A shambling mangrove (Swamp:1)
  10 hydras
  A vault guard (D:12)
  Harold (Lair:2)
  An ogre mage (D:14)
  2 centaur warriors
  2 catoblepae
  A hell beast (Lair:6)
  9 alligators
  Erica (Lair:2)
  8 two-headed ogres
  7 spriggans
  2 deep elf knights (D:13)
  2 spriggan druids (Swamp:2)
  2 swamp dragons (Swamp:2)
  A deep elf archer (D:13)
  3 unseen horrors
  4 wizards
  A lindwurm (Lair:6)
  13 ugly things
  5 oklob plants
  A wolf spider zombie (D:15)
  9 orc sorcerers
  A manticore (D:12)
  12 deep elf magi
  3 cyclopes
  Joseph (D:7)
  12 elephants
  A naga mage (D:15)
  5 black mambas
  A guardian serpent (D:11)
  4 orange demons (Lair:6)
  23 spiny frogs
  2 rime drakes
  An ice devil (Lair:6)
  An efreet (D:15)
  10 komodo dragons
  A hellwing (Lair:6)
  A red devil (Lair:6)
  6 tyrant leeches
  7 hornets
  4 trolls
  3 meliai (D:15)
  A bog body (Swamp:1)
  11 blink frogs
  3 slime creatures (D:14)
  9 hippogriffs
  A vampire (D:14)
  21 yaks
  7 wyverns
  3 basilisks
  20 humans
  2 wraiths
  2 steam dragons
  11 vampire mosquitoes
  2 hungry ghosts
  5 insubstantial wisps (Swamp:1)
  14 swamp worms
  7 wargs
  4 hell hounds (Lair:6)
  2 nagas (Lair:2)
  An acid dragon (D:15)
  13 water moccasins
  4 porcupines
  17 orc warriors
  A black bear (D:9)
  4 swamp drakes
  2 eyes of draining
  5 sky beasts
  2 ice beasts
  10 ogres
  11 centaurs
  A necrophage (D:8)
  6 phantoms
  13 wolves
  2 big kobolds
  14 crocodiles
  10 bullfrogs
  A gnoll sergeant (D:6)
  4 wyvern skeletons
  5 scorpions
  15 killer bees
  15 wights
  6 jellies
  A howler monkey (D:9)
  4 electric eels
  2 crimson imps
  A bullfrog zombie (D:12)
  2 centaur zombies
  6 hounds
  15 orc priests
  Crazy Yiuf (D:5)
  A centaur skeleton (D:8)
  2 quasits
  4 iguanas
  39 orc wizards
  8 worker ants
  A hound skeleton (D:8)
  12 mummies (Ossuary)
  A howler monkey zombie (D:6)
  16 gnolls
  A howler monkey skeleton (D:9)
  10 adders
  2 oozes
  An adder zombie (D:7)
  5 worms
  3 dart slugs
  6 leopard geckos
  90 orcs
  8 giant cockroaches
  8 goblins
  8 hobgoblins
  2 jackals (D:2)
  5 quokkas
  7 bats
  4 frilled lizards
  2 gnoll skeletons (Ossuary)
  2 goblin skeletons (Ossuary)
  A jackal skeleton (D:4)
  12 kobolds
  3 kobold skeletons (Ossuary)
  2 leopard gecko skeletons
  A leopard gecko zombie (D:7)
  A quokka skeleton (D:4)
  6 rats
  11 rat skeletons (Ossuary)
  A fungus (Lair:6)
  2 plants (Lair:3)
798 creatures vanquished.

Vanquished Creatures (collateral kills)
  A hydra (Lair:4)
  A tyrant leech (Lair:4)
  A swamp worm (Lair:4)
3 creatures vanquished.

Vanquished Creatures (others)
  A deep elf knight (D:13)
  A wizard (D:15)
  2 centaur skeletons (D:15)
  A komodo dragon (Lair:4)
  A swamp drake (Swamp:2)
  An orc skeleton (Ossuary)
  15 bushes (Lair:6)
  5 fungi
  8 plants
35 creatures vanquished.

Grand Total: 836 creatures vanquished

Notes
Turn   | Place    | Note
-------+----------+-------------------------------------------
     0 | D:1      | HilariousDeathArtist the Deep Elf Monk began the quest for
                  | the Orb.
     0 | D:1      | Reached XP level 1. HP: 13/13 MP: 3/3
   292 | D:1      | Reached XP level 2. HP: 16/18 MP: 4/4
   327 | D:1      | Reached skill level 3 in Fighting
  1035 | D:2      | Reached XP level 3. HP: 18/23 MP: 5/5
  1251 | D:2      | Noticed an air elemental
  1282 | D:2      | Found a stormy altar of Qazlal.
  1283 | D:2      | Noticed a fire elemental
  1283 | D:2      | Noticed a water elemental
  1283 | D:2      | Noticed an earth elemental
  1288 | D:2      | Became a worshipper of Qazlal Stormbringer
  1288 | D:2      | Reached * piety under Qazlal
  1288 | D:2      | Reached ** piety under Qazlal
  1875 | D:2      | Reached skill level 4 in Fighting
  1923 | D:2      | Reached XP level 4. HP: 26/29 MP: 6/6
  2079 | D:3      | Found a shimmering altar of Xom.
  3125 | D:3      | Reached XP level 5. HP: 22/34 MP: 7/7
  3139 | D:3      | Reached skill level 5 in Fighting
  3580 | D:4      | Noticed a phantom
  3639 | D:4      | Killed a phantom
  3702 | D:4      | Reached XP level 6. HP: 28/41 MP: 8/8
  4027 | D:4      | Found a shattered altar of Ashenzari.
  4114 | D:4      | Reached *** piety under Qazlal
  4413 | D:5      | Entered Level 5 of the Dungeon
  4418 | D:5      | Noticed a sky beast
  4436 | D:4      | Killed a sky beast
  4436 | D:4      | Reached skill level 1 in Shields
  4457 | D:4      | Reached skill level 6 in Fighting
  4518 | D:5      | Reached skill level 2 in Shields
  4582 | D:4      | Reached XP level 7. HP: 45/46 MP: 9/9
  4663 | D:5      | Found Meihaelad's Assorted Antiques.
  4710 | D:5      | Bought a silvery potion for 20 gold pieces
  4710 | D:5      | Bought a glowing grey potion for 20 gold pieces
  4710 | D:5      | Bought a green potion for 20 gold pieces
  4716 | D:5      | Found Seabb's Magic Scroll Emporium.
  4905 | D:5      | Found a staircase to the Ecumenical Temple.
  4933 | D:5      | Found Hetiz's Book Boutique.
  5045 | D:5      | Found a runed translucent door.
  5046 | D:5      | Noticed Crazy Yiuf
  5061 | D:5      | Killed Crazy Yiuf
  5198 | D:5      | Bought a scroll of blinking for 97 gold pieces
  5231 | D:5      | Reached skill level 1 in Staves
  5427 | D:5      | Found Ifutepac's Antique Armour Boutique.
  5831 | D:5      | Reached skill level 2 in Staves
  6084 | D:6      | Reached skill level 3 in Staves
  6168 | D:6      | Reached skill level 4 in Staves
  6349 | D:6      | Reached skill level 5 in Staves
  6349 | D:6      | Reached XP level 8. HP: 51/51 MP: 10/10
  6857 | D:6      | Reached skill level 4 in Dodging
  7185 | D:6      | HP: 13/52 [poisoned by a scorpion]
  7191 | D:6      | HP: 10/52 [poisoned by a scorpion]
  7617 | D:7      | Reached skill level 3 in Shields
  7663 | D:7      | Noticed Joseph
  7693 | D:6      | Reached skill level 4 in Short Blades
  7804 | D:7      | HP: 13/52 [Joseph/cursed -2 hunting sling (5)]
  7808 | D:7      | Killed Joseph
  7808 | D:7      | Reached skill level 5 in Dodging
  7808 | D:7      | Reached XP level 9. HP: 45/56 MP: 11/11
  7851 | D:7      | Found a radiant altar of Vehumet.
  7986 | D:7      | Reached skill level 7 in Fighting
  8112 | D:7      | Found a transporter.
  8132 | D:7      | Found a transporter.
  8396 | D:8      | Found an ornate altar of the Wu Jian Council.
  8404 | D:8      | Noticed a two-headed ogre
  8436 | D:8      | Found a sand-covered staircase.
  8442 | Ossuary  | Entered an ossuary
  8649 | Ossuary  | Reached skill level 1 in Invocations
  8662 | Ossuary  | Reached skill level 1 in Evocations
  8681 | Ossuary  | Reached **** piety under Qazlal
  8927 | D:8      | Killed a two-headed ogre
  8927 | D:8      | Reached skill level 5 in Short Blades
  8927 | D:8      | Reached skill level 6 in Dodging
  8927 | D:8      | Reached skill level 4 in Shields
  8927 | D:8      | Reached skill level 2 in Invocations
  8927 | D:8      | Reached skill level 2 in Evocations
  9093 | D:8      | Reached skill level 3 in Invocations
  9093 | D:8      | Reached skill level 3 in Evocations
  9379 | D:8      | Noticed TheOneDM's ghost (novice GrEE)
  9384 | D:8      | Found a runed translucent gate.
  9384 | D:8      | Found a runed translucent gate.
  9385 | D:8      | Found a runed translucent gate.
  9469 | D:8      | HP: 13/56 [wyvern (17)]
  9475 | D:8      | HP: 12/57 [wyvern (11)]
  9489 | D:8      | Reached XP level 10. HP: 50/63 MP: 7/14
  9496 | D:8      | Reached skill level 7 in Dodging
  9511 | D:8      | Reached skill level 4 in Invocations
  9758 | D:8      | Found a staircase to the Lair.
  9772 | D:8      | Reached skill level 6 in Short Blades
  9772 | D:8      | Reached skill level 4 in Evocations
 10654 | D:9      | Reached skill level 8 in Fighting
 10761 | D:9      | Reached skill level 5 in Invocations
 10767 | D:9      | Reached skill level 5 in Evocations
 11005 | D:9      | Reached skill level 8 in Dodging
 11352 | D:10     | Entered Level 10 of the Dungeon
 12082 | D:10     | Learned a level 1 spell: Apportation
 12084 | D:10     | Learned a level 1 spell: Summon Butterflies
 12091 | D:10     | Learned a level 6 spell: Invisibility
 12600 | D:11     | Noticed a two-headed ogre
 12625 | D:11     | Killed a two-headed ogre
 12625 | D:11     | Reached skill level 7 in Short Blades
 12625 | D:11     | Reached skill level 2 in Spellcasting
 12625 | D:11     | Reached XP level 11. HP: 52/69 MP: 17/17
 12633 | D:11     | Learned a level 3 spell: Mephitic Cloud
 12717 | D:11     | Found Lekoq's Assorted Antiques.
 13016 | D:11     | Reached skill level 1 in Conjurations
 13400 | D:11     | You fall through a shaft for 3 floors!
 13403 | D:14     | Noticed a white ugly thing
 13404 | D:14     | Noticed a white ugly thing
 13404 | D:14     | Noticed a white ugly thing
 13405 | D:14     | Noticed a white ugly thing
 13405 | D:14     | Noticed a white ugly thing
 13407 | D:14     | Noticed a white ugly thing
 13408 | D:13     | Found Xeexzol's Antique Armour Shop.
 13408 | D:13     | Noticed a catoblepas
 13412 | D:13     | Noticed a centaur warrior
 13432 | D:13     | HP: 14/69 [phantom (6)]
 13440 | D:12     | Noticed an eight-headed hydra
 13799 | D:12     | Reached skill level 1 in Poison Magic
 13833 | D:12     | Killed an unseen horror
 13833 | D:12     | Reached skill level 1 in Air Magic
 13833 | D:12     | Reached skill level 6 in Invocations
 14363 | D:12     | Killed an unseen horror
 14363 | D:12     | Reached skill level 6 in Evocations
 14592 | D:12     | Reached skill level 2 in Conjurations
 14784 | D:12     | Reached skill level 2 in Poison Magic
 14810 | D:12     | Reached ***** piety under Qazlal
 14810 | D:12     | Reached skill level 2 in Air Magic
 15199 | D:12     | Killed an eight-headed hydra
 15199 | D:12     | Reached skill level 9 in Dodging
 15223 | D:12     | Found a staircase to the Orcish Mines.
 15356 | D:13     | Noticed a deep elf mage
 15360 | D:13     | Noticed a deep elf mage
 15364 | D:13     | Killed a deep elf mage
 15364 | D:13     | Reached skill level 3 in Conjurations
 15368 | D:13     | Noticed a wizard
 15369 | D:13     | Killed a centaur warrior
 15369 | D:13     | Reached skill level 3 in Poison Magic
 15369 | D:13     | Reached skill level 3 in Air Magic
 15370 | D:13     | Killed a deep elf mage
 15373 | D:13     | Killed a wizard
 15381 | D:13     | Reached skill level 7 in Invocations
 15383 | D:13     | Reached XP level 12. HP: 60/75 MP: 19/19
 15389 | D:13     | Reached skill level 8 in Short Blades
 15392 | D:13     | Killed a catoblepas
 15392 | D:13     | Reached skill level 9 in Fighting
 15392 | D:13     | Reached skill level 4 in Conjurations
 15392 | D:13     | Noticed a vault guard
 15393 | D:13     | Reached skill level 4 in Poison Magic
 15451 | D:12     | HP: 16/76 [vault guard/+0 war axe (14)]
 15790 | D:12     | Reached skill level 4 in Air Magic
 15926 | D:12     | Killed a vault guard
 16073 | D:13     | You fall through a shaft for 2 floors!
 16073 | D:15     | Entered Level 15 of the Dungeon
 16105 | D:15     | Found a portal to a secret trove of treasure.
 16219 | D:15     | Reached skill level 1 in Hexes
 16359 | D:15     | Reached skill level 1 in Translocations
 16363 | D:15     | Reached skill level 1 in Summonings
 16509 | D:15     | Reached skill level 10 in Dodging
 16509 | D:15     | Reached skill level 3 in Stealth
 16668 | D:14     | Noticed a two-headed ogre
 16710 | D:15     | Killed a two-headed ogre
 16710 | D:15     | Reached skill level 2 in Hexes
 16710 | D:15     | Reached skill level 8 in Invocations
 16780 | D:15     | HP: 14/76 [white ugly thing (12)]
 16785 | D:15     | Reached skill level 5 in Conjurations
 16952 | D:15     | HP: 13/76 [white ugly thing (8)]
 16965 | D:15     | Reached skill level 2 in Translocations
 16969 | D:15     | Reached skill level 2 in Summonings
 17434 | D:14     | Noticed a centaur warrior
 17438 | D:14     | Noticed a two-headed ogre
 17443 | D:14     | Killed a centaur warrior
 17443 | D:14     | Reached skill level 4 in Stealth
 17443 | D:14     | Reached skill level 3 in Hexes
 17453 | D:15     | Killed a two-headed ogre
 17667 | D:14     | Reached XP level 13. HP: 78/80 MP: 21/21
 18073 | D:5      | Bought a heavily runed helmet for 294 gold pieces
 18078 | D:5      | Identified the cursed +0 helmet of the Buccaneer {-Cast
                  | +Inv Regen+ MP+9} (You bought it in a shop on level 5 of
                  | the Dungeon)
 18253 | D:13     | Bought a shadowed robe for 125 gold pieces
 18263 | D:13     | Identified the +1 robe "Kuppyle" {rF+ rCorr Int-5} (You
                  | bought it in a shop on level 13 of the Dungeon)
 18347 | D:13     | Reached skill level 7 in Evocations
 18382 | D:13     | Found a runed translucent gate.
 18382 | D:13     | Noticed grisamentum's ghost (journeyman GrGl)
 18383 | D:13     | Found a runed translucent gate.
 18384 | D:13     | Found a roughly hewn altar of Beogh.
 18384 | D:13     | Found a runed translucent gate.
 19035 | D:13     | Found a gate to the Vaults.
 19110 | D:13     | Reached skill level 9 in Invocations
 19153 | D:13     | Reached skill level 9 in Short Blades
 19153 | D:13     | Reached skill level 5 in Stealth
 19169 | D:13     | Identified the +6 spear of Mourning {venom, +Inv rN+ Dex-2}
 19517 | D:13     | Got a faintly glowing cloak
 19650 | D:13     | Identified the +2 cloak "Fejeeh" {+Blink rElec rPois Dex-5}
                  | (You found it on level 13 of the Dungeon)
 20268 | D:13     | Reached skill level 8 in Evocations
 20279 | D:13     | Got a transparent shield
 20293 | D:13     | Identified the +5 shield of Xom's Displeasure {+Fly rElec
                  | MP+9} (You found it on level 13 of the Dungeon)
 20663 | D:14     | HP: 6/81 [white ugly thing (33)]
 21905 | D:15     | Found a glowing golden altar of the Shining One.
 21987 | D:15     | Reached skill level 6 in Stealth
 22222 | D:15     | Reached skill level 5 in Shields
 22222 | D:15     | Reached skill level 10 in Invocations
 22232 | D:15     | Reached skill level 11 in Dodging
 23046 | D:12     | Killed grisamentum's ghost
 23046 | D:12     | Reached XP level 14. HP: 84/87 MP: 10/23
 23211 | Orc:1    | Entered Level 1 of the Orcish Mines
 23222 | Orc:1    | Reached skill level 9 in Evocations
 23854 | Orc:2    | Entered Level 2 of the Orcish Mines
 23929 | D:11     | Bought a transparent scimitar for 306 gold pieces
 23929 | D:11     | Identified the +8 scimitar of Ruowaen {venom, Int-4 Dex+7}
                  | (You bought it in a shop on level 11 of the Dungeon)
 24510 | Orc:2    | Found a staircase to the Elven Halls.
 24839 | Orc:2    | Found Cez Dio's Antique Armour Emporium.
 24839 | Orc:2    | Found Bisaiv's Antique Armour Boutique.
 24879 | Orc:2    | Reached skill level 1 in Long Blades
 24935 | Orc:2    | Found a roughly hewn altar of Beogh.
 24984 | Orc:2    | Found Jazelao's Armour Boutique.
 24984 | Orc:2    | Found Pokloxed's Food Emporium.
 24999 | Orc:2    | HP: 17/87 [orc sorcerer/bolt of fire (31)]
 25004 | Orc:2    | Reached skill level 10 in Fighting
 25616 | Orc:2    | Bought the +7 chain mail of Loqodet {rF+ rC+ Dex+2} for 905
                  | gold pieces
 25737 | Elf:1    | Entered Level 1 of the Elven Halls
 25751 | Elf:1    | HP: 21/88 [+6 halberd of chopping (4)]
 25752 | Elf:1    | HP: 7/88 [deep elf archer/arrow (15)]
 26538 | Lair:1   | Entered Level 1 of the Lair of Beasts
 27303 | Lair:1   | Found a runed translucent gate.
 27303 | Lair:1   | Found a runed translucent gate.
 27303 | Lair:1   | Found a runed translucent gate.
 27304 | Lair:1   | Noticed miconnor's ghost (journeyman GnSk)
 27524 | Lair:1   | Killed miconnor's ghost
 27546 | Lair:2   | Noticed Erica
 27592 | Lair:2   | Reached skill level 7 in Stealth
 27724 | Lair:2   | Found a staircase to the Snake Pit.
 27735 | Lair:2   | Killed Erica
 27735 | Lair:2   | Reached skill level 6 in Shields
 27905 | Lair:2   | Reached skill level 2 in Long Blades
 27931 | Lair:2   | Noticed Harold
 27954 | Lair:2   | Killed Harold
 28779 | Snake:1  | Entered Level 1 of the Snake Pit
 28832 | Lair:3   | Reached skill level 11 in Invocations
 28871 | Lair:3   | HP: 11/88 [komodo dragon (17)]
 29211 | Lair:3   | Reached skill level 10 in Evocations
 29365 | Lair:3   | Reached skill level 1 in Armour
 29575 | Lair:3   | Found a shimmering altar of Xom.
 31579 | Lair:4   | Found a staircase to the Swamp.
 31890 | Lair:5   | You fall through a shaft!
 31890 | Lair:6   | Entered Level 6 of the Lair of Beasts
 31898 | Lair:6   | Found a staircase to the Slime Pits.
 31906 | Lair:6   | Reached XP level 15. HP: 92/92 MP: 25/25
 32348 | Lair:5   | Reached skill level 3 in Long Blades
 33082 | Lair:6   | Reached skill level 8 in Stealth
 33121 | Lair:6   | Reached skill level 2 in Armour
 33142 | Lair:6   | Reached skill level 10 in Short Blades
 33142 | Lair:6   | Reached skill level 7 in Shields
 33422 | Lair:6   | Reached ****** piety under Qazlal
 33842 | Lair:6   | Identified the ring "Seaz" {*Tele *Drain rPois Dex+4
                  | Stlth+} (You found it on level 6 of the Lair of Beasts)
 34354 | Lair:6   | Identified the +8 trident "Xaw Tuwo" {pain, Str+3} (You
                  | found it on level 6 of the Lair of Beasts)
 34560 | Lair:6   | Reached skill level 11 in Evocations
 34768 | Lair:6   | Found a burning altar of Makhleb.
 34773 | Lair:6   | Found a gateway to Hell.
 35035 | Swamp:1  | Entered Level 1 of the Swamp
 35045 | Swamp:1  | Reached skill level 12 in Dodging
 35454 | Swamp:1  | Reached skill level 12 in Invocations
 35477 | Swamp:1  | Paralysed by a hornet for 2 turns
 35741 | Swamp:1  | HP: 22/93 [tyrant leech (24)]
 36727 | Swamp:2  | Reached skill level 4 in Long Blades
 36766 | Swamp:2  | Reached skill level 3 in Armour
 36973 | Swamp:2  | HP: 19/93 [alligator[a spriggan druid] (7)]
 36974 | Swamp:2  | HP: 6/93 [alligator[a spriggan druid] (13)]
 37595 | Swamp:2  | Reached skill level 9 in Stealth
 38121 | Swamp:3  | Reached XP level 16. HP: 87/99 MP: 27/27
 38189 | Swamp:3  | Reached skill level 8 in Shields
 38619 | Swamp:3  | Noticed a thorn hunter
 38632 | Swamp:3  | HP: 23/99 [thorn hunter/volley of thorns (25)]
 38635 | Swamp:3  | Killed from afar by a thorn hunter

Skill      XL: |  1  2  3  4  5  6  7  8  9 10 11 12 13 14 15 16 |
---------------+-------------------------------------------------+-----
Fighting       | 3 4 5 6 7 8 9 10 | 10.6
Shields        | 2 3 4 5 6 7 8 |  8.0
Staves         | 5 |  5.9
Dodging        | 5 6 8 9 10 11 12 | 12.3
Short Blades   | 4 5 7 8 9 10 | 10.1
Invocations    | 3 5 7 8 10 11 12 | 12.4
Evocations     | 3 5 6 8 10 11 | 11.7
Spellcasting   | 2 |  2.0
Conjurations   | 3 5 |  5.3
Poison Magic   | 3 4 |  4.5
Air Magic      | 3 4 |  4.1
Hexes          | 3 |  3.2
Translocations | 2 |  2.5
Summonings     | 2 |  2.4
Stealth        | 4 6 7 9 |  9.1
Long Blades    | 2 4 |  4.3
Armour         | 1 3 |  3.3

Action                   |  1- 3 |  4- 6 |  7- 9 | 10-12 | 13-15 | 16-18 || total
-------------------------+-------+-------+-------+-------+-------+-------++-------
Melee: Short sword       |    81 |       |     2 |       |       |       ||    83
       Quarterstaff      |       |       |   283 |   310 |       |       ||   593
       Dagger            |       |       |    87 |    92 |       |       ||   179
       Long sword        |       |       |       |   189 |   698 |       ||   887
       Scimitar          |       |       |       |       |   984 |    53 ||  1037
       Rapier            |       |       |       |       |     5 |       ||     5
 Fire: Hunting sling     |   108 |   171 |     5 |       |       |       ||   284
Throw: Stone             |       |       |    52 |    17 |       |       ||    69
 Cast: Mephitic Cloud    |       |       |       |    11 |       |       ||    11
Invok: Upheaval          |       |       |     6 |     4 |    21 |       ||    31
 Abil: Evoke Blink       |       |       |       |       |     2 |       ||     2
Evoke: Wand              |       |       |     6 |    39 |    50 |       ||    95
       Phial of floods   |       |       |       |       |     2 |     1 ||     3
       Phantom mirror    |       |       |       |       |     1 |       ||     1
       Fan of gales      |       |       |       |       |     1 |       ||     1
  Use: Scroll            |     1 |     6 |    12 |    15 |    17 |       ||    51
       Potion            |       |     1 |     8 |     4 |     4 |     1 ||    18
 Stab: Sleeping          |     2 |       |       |       |       |       ||     2
       Paralysed         |       |       |     3 |    16 |       |       ||    19
       Confused          |       |       |     3 |    15 |     7 |       ||    25
       Petrified         |       |       |       |     1 |       |       ||     1
  Eat: Chunk             |     3 |     5 |    15 |    19 |    42 |       ||    84
       Ration            |       |     1 |       |     4 |     8 |     1 ||    14
Armor: Robe              |     8 |       |       |       |    16 |       ||    24
       Ring mail         |    31 |    16 |       |       |       |       ||    47
       Skin              |       |     4 |     7 |    18 |     4 |       ||    33
       Leather armour    |       |     1 |    89 |    86 |    55 |       ||   231
       Steam dragon scal |       |       |       |    49 |     3 |       ||    52
       Chain mail        |       |       |       |       |   387 |    36 ||   423
Dodge: Dodged            |    72 |    25 |   199 |   459 |   533 |    23 ||  1311
       Deflected         |       |       |     1 |    17 |    25 |     1 ||    44
Block: Other             |     8 |     3 |    55 |   107 |       |       ||   173
       Buckler           |       |    10 |     4 |   176 |    79 |       ||   269
       Shield            |       |       |       |       |  1712 |    80 ||  1792
       Rpst.: Long sword |       |       |       |    38 |    51 |       ||    89
       Scimitar          |       |       |       |       |    71 |     3 ||    74

Levels and vault maps discovered:
D:1:      lemuel_arrival_cross, layout_basic
D:2:      layout_basic, nicolae_qazlal_style_of_elements
D:3:      layout_basic, brannock_xom_greatest_gift
D:4:      layout_gridville, first_ration, lemuel_altar_in_water
D:5:      layout_gridville, minmay_temple_entry_slanted, serial_shops,
          nicolae_shop_trees, shop, nicolae_shop_waterfront, kennysheep_mini,
          uniq_crazy_yiuf_cottage
D:6:      minmay_spotlight, layout_basic
D:7:      gammafunk_steamed_eel, layout_cave_pools, basic_altar, uniq_joseph
D:8:      layout_rooms, nicolae_overflow_crystal_walls, erik_lair_dragon,
          gammafunk_ghost_icy, lightli_ossuary_entry_decrepit_ruins,
          grunt_ogre_cave
D:9:      layout_rooms
D:10:     layout_loops_ring, kennysheep_generic_room_8
D:11:     layout_loops_cross, serial_shops,
          nicolae_shop_competitors_out_of_business,
          nrook_guardian_serpent_double
D:12:     layout_basic, orc_0_dummy
D:13:     minmay_elf_outpost, layout_layer_cave, grunt_vaults_entry_tiered,
          serial_shops, nicolae_shop_stone, biasface_ghost_orc_armoury
D:14:     layout_gridville, nrook_uturn, grunt_decor_fettered
D:15:     grunt_enter_depths_magical_seal, layout_grid_maze,
          nicolae_tso_swordbearing_angel, nicolae_trove_entry_crystal,
          minmay_misc_feat_diagonals
Lair:1:   layout_misc_corridors, ebering_ghost_rock_garden,
          chequers_serial_rivers_room_a, serial_bayou_lake_a
Lair:2:   layout_roguey, guppyfry_snake_entry_garden, uniq_harold, uniq_erica
Lair:3:   minmay_lair_oklob_tunnel, layout_cave_pods, basic_altar, st_stairs_12,
          chequers_serial_rivers_micro_d, nicolae_quartered_pool_super,
          serial_bayou_pond_b, lemuel_fruit_tree, serial_bayou_shore_a
Lair:4:   layout_layer_cave, palyth_hydra_swamp_entry
Lair:5:   layout_cave_pods
Lair:6:   evil_forest, layout_regular_city, slime_dummy,
          grunt_forest_stairs_basic, minmay_hedge_maze, minmay_lair_oklob_items,
          grunt_megastairs_4
Swamp:1:  layout_basic_swamp, hangedman_swamp_ruin_wall
Swamp:2:  layout_falls_marsh, evilmike_swamp_ruin_house_1,
          nicolae_swamp_stair_fork, swamp_pool4,
          nicolae_swamp_feature_on_the_river_bank
Swamp:3:  layout_basic_swamp, evilmike_swamp_ruin_rubble_2, swamp_pool4,
          infiniplex_staircase_pool
Snake:1:  layout_cave_shapes, grunt_megastairs_2
Orc:1:    layout_diamond_mine
Orc:2:    st_orc_town, layout_diamond_mine
Elf:1:    kennysheep_blocky_hall, layout_onion_city, serial_shops, shop_statue,
          kennysheep_underground_church, item_on_display_a
Ossuary:  ossuary_due_small_catacomb

Table legend:
 A = Turns spent in this place as a percentage of turns spent in the entire game.
 B = Non-inter-level travel turns spent in this place as a percentage of non-inter-level travel turns spent in the entire game.
 C = Inter-level travel turns spent in this place as a percentage of turns spent in this place.
 D = Turns resting spent in this place as a percentage of non-inter-level travel turns spent in this place.
 E = Turns spent auto-exploring this place as a percentage of non-inter-level travel turns spent in this place.
 F = Non-inter-level travel turns spent in this place divided by the number of levels of this place that you've seen.
                   A       B       C       D       E      F
               +-------+-------+-------+-------+-------+----------------------
         Total | 100.0 | 100.0 |   8.3 |  33.9 |  41.4 | 1221.6
       Dungeon |  60.9 |  60.3 |   9.1 |  34.3 |  40.7 | 1425.1
          Lair |  22.0 |  22.3 |   6.9 |  28.6 |  48.8 | 1318.0
         Swamp |   9.3 |   9.5 |   6.4 |  45.2 |  33.2 | 1123.3
     Snake Pit |   0.0 |   0.0 |   0.0 |   0.0 |   0.0 |   2.0
  Orcish Mines |   6.6 |   6.5 |  10.0 |  32.0 |  38.4 | 1151.0
   Elven Halls |   0.0 |   0.0 |   0.0 |   0.0 |   0.0 |  16.0
       Ossuary |   1.2 |   1.3 |   0.0 |  32.6 |  25.7 | 451.0
               +-------+-------+-------+-------+-------+----------------------

Table legend:
 A = Kills in this place as a percentage of kills in entire the game.
 B = Kills by you in this place as a percentage of kills by you in the entire game.
 C = Kills by friends in this place as a percentage of kills by friends in the entire game.
 D = Other kills in this place as a percentage of other kills in the entire game.
 E = Experience gained in this place as a percentage of experience gained in the entire game.
 F = Experience gained in this place divided by the number of levels of this place that you have seen.
                   A       B       C       D       E      F
               +-------+-------+-------+-------+-------+----------------------
         Total | 100.0 | 100.0 | 100.0 | 100.0 | 100.0 | 5457.5
       Dungeon |  54.2 |  54.3 |   0.0 |  66.7 |  41.1 | 4332.1
          Lair |  19.9 |  19.6 | 100.0 |   0.0 |  32.9 | 8667.5
         Swamp |  10.1 |  10.1 |   0.0 |  33.3 |  20.0 | 10526.0
  Orcish Mines |  12.1 |  12.2 |   0.0 |   0.0 |   6.0 | 4731.0
       Ossuary |   3.7 |   3.8 |   0.0 |   0.0 |   0.2 | 240.0
               +-------+-------+-------+-------+-------+----------------------
